← All builds
Beach sea / Armada / Economy first / OBSERVED BUILD

Hovercraft raid

Player rushes a Hovercraft Platform by 1:10 and pushes out Seeker hovercraft as an early raid by 2:13, well before the shipyard which is delayed to around 4:16, using the raid to harass while sea presence catches up later.

Hovers first

#raid #amphibious #rush · 80 distinct matches · 29 players · 12% of Armada Beach sea games · team won 53% of 80 · Recently observed

THE CATCH, AND WHAT COMES WITH IT
  • Hovercraft PlatformHovercraft Platform in 100%14% of all Beach sea games by then
  • SeekerSeeker in 99%14% of all Beach sea games by then

Then transitions into destroyer (32% of army), seeker (19% of army), dolphin (10% of army).

HOW TO PLAY IT

Key timing: Hovercraft Platform by 1:10

  1. Open with mex and wind instead of straight shipyard.
  2. Build a Hovercraft Platform right after your initial eco.
  3. Push out a Seeker raid to harass enemy sea entry early.
  4. Put down the shipyard once the raid is out.
  5. Add Corsair and settle into standard sea play from here.

Phase by phase

TYPICAL OF ITS 80 GAMES · AGAINST STANDARD BEACH SEA
  1. 1
  2. 2
  3. 3
PLAY THE OPENING

Follow the example game's first 6:00 step by step: what to build now, what comes next, and where it goes. At 1× it keeps pace with your own game.

  1. 1

    Up to the Hovercraft Platform

    Economy
    • Metal Extractor3Mex
    • Wind Turbine4Wind+3 vs standard
    Order
    1. Hovercraft PlatformHovercraft Platform after 3 mex, 4 winddone ~1:41, middle half 1:36–1:52

    Some games also: energy storage (45%) · wind for allies (38%)

    By 1:10 in all: 3 mex · 4 wind (standard 1)

    The example game in this phase · 3 steps
    1. Mex ×3
    2. Wind ×3
    3. Hovercraft PlatformHovercraft Platformdone 1:15 · typical 1:41
  2. 2

    Hovercraft Platform to Shipyard

    Economy
    • Metal Extractor3Mex
    • Wind Turbine5Wind+4 vs standard
    Order
    1. ShipyardShipyard after 6 mex, 10 winddone ~4:15, middle half 3:59–4:39
    Builders
    • Construction Hovercraft3 Con hovercraft +3 vs standard
    Army
    • Seeker7 Seeker +7 vs standard

    The standard build makes here, this one skips: 2 tidal · 2 con ship · 2 skater · 2 dolphin

    By 3:55 in all: 6 mex · 10 wind (standard 2) · 1 energy storage

    The example game in this phase · 35 steps
    1. Construction HovercraftCon hovercraft
    2. Wind ×2
    3. SeekerSeeker
    4. Wind
    5. SeekerSeeker
    6. Wind
    7. Mex
    8. SeekerSeeker ×3
    9. SweeperSweeper
    10. SeekerSeeker
    11. Construction HovercraftCon hovercraft
    12. SweeperSweeper
    13. Mex
    14. Wind
    15. SweeperSweeper
    16. Wind ×2
    17. Mex
    18. Wind ×2
    19. SeekerSeeker
    20. Wind
    21. Converter
    22. SeekerSeeker
    23. Converter
    24. Mex
    25. SeekerSeeker
    26. Converter
    27. SeekerSeeker
    28. Converter ×2
    29. SeekerSeeker
    30. Converter
    31. Naval Radar / Sonar TowerNaval Radar / Sonar Tower
    32. Radar TowerRadar Tower
    33. BeamerBeamer
    34. Construction HovercraftCon hovercraft
    35. ShipyardShipyarddone 5:34 · typical 4:15
  3. 3

    Shipyard to 10:00

    Economy
    • Metal Extractor4Mex
    • Wind Turbine14Wind
    Builders
    • Construction Turret1 Con turret
    • Grim Reaper1 Grim Reaper
    • Construction Ship1 Con ship
    Army
    • Sentry2 Sentry
    • Dolphin3 Dolphin −2 vs standard
    • Corsair3 Destroyer
    • Skater3 Skater
    Other
    • Naval Radar / Sonar Tower1 Naval Radar / Sonar Tower

    Some games also: Harpoon (45%) · tidal (44%) · converter (36%) · Nettle (36%) · Naval Construction Turret (36%)

    By 10:00 in all: 10 mex · 24 wind (standard 16) · 1 energy storage · 1 con turret

    The example game in this phase · 66 steps
    1. SentrySentry
    2. Energy storage
    3. Construction ShipCon ship
    4. DolphinDolphin ×3
    5. Naval Construction Turret
    6. SkaterSkater
    7. DolphinDolphin ×3
    8. SeekerSeeker
    9. DolphinDolphin
    10. SeekerSeeker
    11. DolphinDolphin
    12. SeekerSeeker
    13. SkaterSkater
    14. SeekerSeeker
    15. SkaterSkater
    16. Naval Radar / Sonar TowerNaval Radar / Sonar Tower
    17. SentrySentry
    18. SeekerSeeker
    19. Grim ReaperGrim Reaper
    20. SeekerSeeker
    21. Grim ReaperGrim Reaper
    22. SeekerSeeker ×2
    23. EelSubmarinedone 8:56
    24. SeekerSeeker ×2
    25. Advanced Metal ExtractorT2 mexdone 10:12 · typical 9:26
    26. SeekerSeeker
    27. Con turret
    28. SeekerSeeker
    29. Naval Radar / Sonar TowerNaval Radar / Sonar Tower
    30. SeekerSeeker
    31. Mex
    32. CorsairDestroyerdone 10:41 · typical 5:55
    33. SeekerSeeker
    34. Advanced Metal ExtractorT2 mex
    35. Con turret
    36. SeekerSeeker ×3
    37. CorsairDestroyer
    38. SeekerSeeker ×3
    39. Advanced Metal ExtractorT2 mex
    40. SeekerSeeker
    41. Construction ShipCon ship
    42. Bot LabBot Labdone 11:56
    43. Naval Radar / Sonar TowerNaval Radar / Sonar Tower
    44. SeekerSeeker ×2
    45. LazarusLazarus
    46. SeekerSeeker
    47. LazarusLazarus
    48. SeekerSeeker ×2
    49. Advanced Metal ExtractorT2 mex
    50. Wind ×4
    51. CorsairDestroyer
    52. Wind ×3
    53. CorsairDestroyer
    54. Wind ×5
    55. Grim ReaperGrim Reaper
    56. Wind ×3
    57. EllysawFrigate
    58. Wind ×3
    59. CorsairDestroyer
    60. Wind ×2
    61. Naval Construction Turret
    62. Wind
    63. CorsairDestroyer
    64. Wind
    65. EllysawFrigate
    66. CorsairDestroyer

Counts are medians over the build's games: half of them build more, half fewer. The example game is Zeker_niet_Philipp's (39 OS, 18/08/2026); pick another.

Team trades

IN AT LEAST 30% OF ITS GAMES

You hand over

  • Wind Turbine2 Wind to Airfirst at 1:48 · in 46% of games

You get

  • Finch1 Finch from Airfirst at 1:49 · in 57% of games
  • Lazarus1 Lazarus from Geofirst at 2:00 · in 54% of games
  • Hercules1 Light transport from Airfirst at 2:10 · in 31% of games
  • Advanced Construction Bot1 T2 con bot from Techfirst at 8:01 · in 81% of games

How it plays out

Typical game of this build against the role’s standard build, running totals by minute

  • This build
  • Standard beach sea

Metal produced

010k20k30k
0:005:0010:0015:00

metal

Enemy metal destroyed

05k10k
0:005:0010:0015:00

metal

Own metal lost

02.5k5k7.5k
0:005:0010:0015:00

metal

80 games.

Show as table
ByMetal produced: This buildMetal produced: Standard beach seaEnemy metal destroyed: This buildEnemy metal destroyed: Standard beach seaOwn metal lost: This buildOwn metal lost: Standard beach sea
1:004044040000
2:009389380000
3:00154815860000
4:002381254751515120
5:0037533733423255254125
6:0050885159885572574300
7:006490672312651146851591
8:00802883251869167911931037
9:009561100302428250217051675
10:0011405118893408362621532420
11:0013792142204083467225873244
12:0016233169734757552532074006
13:0018476197725201650038344904
14:0021171224286438736248745822
15:0023678253666803848352426721
WHAT THE NUMBERS SAY

Won more often than the standard build with a similar economy but far more early kills by 5:00.

  • + Enemy metal destroyed hit 444 by 5:00 vs 180 standard.
  • + Own metal lost stayed lower at 15:00 despite the raid.
  • − Metal produced trails standard by 10:00 and 15:00.
  • − Enemy metal destroyed by 15:00 falls behind standard (6667 vs 8279).
THE EXAMPLE YOU ARE READING

Zeker_niet_Philipp

39.4 OS · 18/08/2026

Open source match ↗

37 received units · includes a constructor
73 metal received · 86487 energy received

Allied construction assistance is unknown. Timings are observations, not a promise of solo reproducibility.

Typical milestones

Hovercraft Platform1:41Middle 50%: 1:36–1:52 · n=80
Shipyard4:15Middle 50%: 3:59–4:39 · n=68
Corsair5:55Middle 50%: 5:27–7:16 · n=64
Advanced Metal Extractor9:26Middle 50%: 8:55–10:28 · n=67

Played most by

KingBenjai21games of this buildRysica10games of this build[ADS]Kackbarren5games of this buildAdeus4games of this buildCentientWaffle4games of this build